 Dungeon Crawl Stone Soup version 0.29.0-4-gdea44cf6ec (webtiles) character file.

Game seed: 2642461807651891718

3272 Adrian566 the Cleaver (level 10, 0/83 HPs)
             Began as a Hill Orc Fighter on Aug 27, 2022.
             Slain by Grum
             ... wielding a +1 glaive
              (11 damage)
             ... on level 8 of the Dungeon.
             The game lasted 00:15:24 (9661 turns).

Adrian566 the Cleaver (Hill Orc Fighter)            Turns: 9661, Time: 00:15:25

Health: 0/83       AC: 16    Str: 24    XL:     10   Next: 0%
Magic:  10/10      EV:  7    Int:  8    God:
Gold:   389        SH: 10    Dex: 10    Spells: 9/9 levels left

rFire   . . .      SeeInvis .   a - +0 war axe
rCold   . . .      Faith    .   c - +0 buckler
rNeg    . . .      Spirit   .   f - +0 plate armour
rPois   .          Reflect  +   (no helmet)
rElec   .          Harm     .   m - +0 cloak
rCorr   .          Rampage  .   h - +0 pair of gloves
Will    .....                   (no boots)
Stlth   ..........              v - amulet of reflection
HPRegen 0.23/turn               (no ring)
MPRegen 0.12/turn               (no ring)

@: hasted, very quick
A: no striking features
a: no special abilities


You were on level 8 of the Dungeon.
You visited 2 branches of the dungeon, and saw 9 of its levels.

You collected 389 gold pieces.

Inventory:

Hand Weapons
 a - a +0 war axe (weapon)
Missiles
 l - a throwing net (quivered)
Armour
 c - a +0 buckler (worn)
 f - a +0 plate armour (worn)
 h - a +0 pair of gloves (worn)
 m - a +0 cloak (worn)
Jewellery
 v - an amulet of reflection (around neck)
Wands
 r - a wand of roots (15)
 t - a wand of light (21)
 w - a wand of mindburst (20)
Scrolls
 b - a scroll of silence
 e - a scroll of fear
 i - 5 scrolls of teleportation
 j - 2 scrolls of enchant weapon
 p - a scroll of immolation
 q - a scroll of vulnerability
 x - 2 scrolls of noise
 y - a scroll of magic mapping
Potions
 d - 3 potions of might
 g - 2 potions of invisibility
 k - 2 potions of haste
 o - 2 potions of degeneration
 s - 4 potions of heal wounds
 u - a potion of berserk rage


   Skills:
 + Level 6.0 Fighting
 * Level 13.8 Axes
 + Level 8.0 Armour
 + Level 0.5 Dodging
 + Level 5.2 Shields


You had 9 spell levels left.
You didn't know any spells.
Your spell library contained the following spells:

 Spells                   Type           Power      Damage    Failure   Level
 Freeze                   Ice            0%         1d3       100%        1
 Frozen Ramparts          Ice            0%         1d1       100%        3
 Hailstorm                Conj/Ice       0%         3d3       100%        4


Dungeon Overview and Level Annotations

Branches:
Dungeon (8/15)             Temple (1/1) D:5
   Lair: D:8-11

Altars:
Ashenzari
Cheibriados
Dithmenos
Elyvilon
Fedhas
Gozag
Hepliaklqana
Kikubaaqudgha
Nemelex Xobeh
Okawaru
Qazlal
Ru
Sif Muna
Trog
Uskayaw
Vehumet
Wu Jian
Xom
Yredelemnul
Zin
The Shining One

Annotations:
D:8 Grum


Message History

Grum hits you from afar with a +1 glaive!!
The killer bee stings you but does no damage.
You block the killer bee's attack.
You have reached level 10!
You feel stronger.
The killer bee attacks as you move away!
The killer bee stings you but does no damage.
The killer bee attacks as you move away!
The killer bee closely misses you.
You feel sick. You block the killer bee's attack.
The killer bee stings you but does no damage.
Found 7 stones.
You feel sick. The killer bee barely misses you.
You block the killer bee's attack.
The killer bee attacks as you move away!
The killer bee stings you but does no damage.
You feel sick. You block the killer bee's attack. The killer bee stings you.
* * * LOW HITPOINT WARNING * * *
You are more poisoned.
The killer bee poisons you!
The killer bee attacks as you move away!
You block the killer bee's attack.
You feel sick. The killer bee stings you.
* * * LOW HITPOINT WARNING * * *
You block the killer bee's attack.
You feel sick. You block the killer bee's attack.
The killer bee stings you but does no damage.
The killer bee attacks as you move away!
You block the killer bee's attack.
You feel sick. The killer bee stings you.
* * * LOW HITPOINT WARNING * * *
The killer bee completely misses you. You block the wolf's attack.
You feel better.
The killer bee stings you but does no damage.
You block the killer bee's attack. You block Grum's attack. The wolf bites you.
* * * LOW HITPOINT WARNING * * *
You block the killer bee's attack.
The killer bee stings you but does no damage.
You feel yourself speed up. The wolf bites you but does no damage.
You block the killer bee's attack.
The killer bee stings you but does no damage.
Grum hits you from afar with a +1 glaive!
You die...

.................## #
########'#+#####'### #.
####.#+##..†...## #.###
#...............# ....
#.###...........#
#..####.................#
#
#........#...g....###...#
#.###...####)#..yhh...#
...#
#..........))...@yh..##
.#.#
#....#..####)#.#####.# .#
#.......<..#.#.# ....
#######.##.#.#.# .(###
#....#.#.# .. ######.#..
. #.... ###[.


You could see Grum, 3 wolves and 2 killer bees.

Vanquished Creatures
  Maggie (D:7)
  Prince Ribbit (D:6)
  Eustachio (D:6)
  2 steam dragons (D:5)
  2 water moccasins
  2 sky beasts
  2 ice beasts (D:5)
  An ogre (D:5)
  2 centaurs
  3 phantoms
  4 kobold brigands
  A scorpion (D:6)
  2 necrophages
  3 killer bees (D:8)
  4 hounds
  A jelly (D:7)
  2 gnoll boudas
  Jessica (D:3)
  Natasha (thrice) (D:4)
  6 iguanas
  An orc wizard (D:7)
  6 adders
  9 gnolls
  A shadow imp (D:5)
  2 white imps
  2 worms (D:2)
  9 dart slugs
  5 orcs
  5 bats
  8 endoplasms
  6 giant cockroaches
  8 goblins
  7 hobgoblins
  4 jackals (D:4)
  24 kobolds
  4 quokkas
  10 ball pythons
  7 frilled lizards
  4 rats
166 creatures vanquished.

Vanquished Creatures (others)
  A gnoll (D:6)
1 creature vanquished.

Grand Total: 167 creatures vanquished

Notes
Turn   | Place    | Note
-------+----------+-------------------------------------------
     0 | D:1      | Adrian566 the Hill Orc Fighter began the quest for the Orb.
     0 | D:1      | Reached XP level 1. HP: 19/19 MP: 1/1
   260 | D:1      | Reached XP level 2. HP: 23/27 MP: 2/2
   323 | D:1      | Reached skill level 3 in Axes
  1024 | D:2      | Reached XP level 3. HP: 33/33 MP: 3/3
  1181 | D:2      | Found a faded altar of an unknown god.
  1242 | D:2      | Found a blossoming altar of Fedhas.
  1496 | D:2      | Reached skill level 4 in Axes
  1526 | D:2      | Reached XP level 4. HP: 40/40 MP: 4/4
  2056 | D:3      | Noticed a kobold brigand
  2057 | D:3      | Noticed a kobold brigand
  2083 | D:3      | Killed a kobold brigand
  2084 | D:3      | Reached skill level 5 in Axes
  2084 | D:3      | Reached XP level 5. HP: 9/46 MP: 5/5
  2085 | D:3      | Killed a kobold brigand
  2086 | D:3      | Reached skill level 6 in Axes
  2086 | D:3      | Reached XP level 6. HP: 8/52 MP: 6/6
  2462 | D:3      | Noticed Jessica
  2467 | D:3      | Killed Jessica
  3264 | D:4      | Noticed Natasha
  3266 | D:4      | Reached skill level 7 in Axes
  3268 | D:4      | Killed Natasha
  3269 | D:4      | Reached skill level 5 in Armour
  3401 | D:4      | Reached XP level 7. HP: 48/60 MP: 7/7
  3461 | D:4      | Noticed Natasha
  3487 | D:4      | Killed Natasha
  3519 | D:4      | Reached skill level 8 in Axes
  3607 | D:4      | Identified the +0 ring mail "Wupizucw" {rN++ rCorr Str+3
                  | Dex-5}
  3668 | D:4      | Noticed Natasha
  3678 | D:4      | Killed Natasha
  4093 | D:4      | Identified the +9 spear of Oggixal {drain, rC+ Int-5 Dex+2}
  4345 | D:5      | Entered Level 5 of the Dungeon
  4469 | D:5      | Noticed a steam dragon
  4480 | D:5      | Killed a steam dragon
  4481 | D:5      | Reached skill level 9 in Axes
  4485 | D:5      | Reached XP level 8. HP: 42/67 MP: 8/8
  4497 | D:5      | Reached skill level 10 in Axes
  4611 | D:5      | Found a staircase to the Ecumenical Temple.
  4927 | Temple   | Entered the Ecumenical Temple
  5637 | D:6      | Reached skill level 5 in Fighting
  5638 | D:6      | Noticed Eustachio
  5978 | D:5      | Reached skill level 11 in Axes
  6404 | D:6      | Killed Eustachio
  6507 | D:6      | Reached XP level 9. HP: 72/74 MP: 9/9
  6728 | D:6      | Found a snail-covered altar of Cheibriados.
  6863 | D:6      | Noticed Prince Ribbit
  6869 | D:6      | Killed Prince Ribbit
  6870 | D:6      | Reached skill level 12 in Axes
  8503 | D:7      | Noticed Maggie
  8522 | D:7      | Killed Maggie
  8523 | D:7      | Reached skill level 13 in Axes
  8523 | D:7      | Reached skill level 5 in Shields
  9634 | D:8      | Noticed Grum
  9654 | D:8      | Reached XP level 10. HP: 28/83 MP: 10/10
  9661 | D:8      | Slain by Grum

Illustrated notes

Levels and vault maps discovered:
D:1:      lemuel_arrival_river_ford, layout_loops_corners, lemuel_old_faithful
D:2:      layout_basic, hellmonk_ecumenical_altar_leap_of_faith, basic_altar
D:3:      cheibrodos_thug_alley, layout_loops_ring, kennysheep_generic_room_16,
          uniq_jessica
D:4:      layout_basic, uniq_natasha
D:5:      layout_basic, minmay_temple_entry_arrows
D:6:      layout_layer_cave, kennysheep_slug_shrine, uniq_eustachio,
          uniq_prince_ribbit1
D:7:      layout_cave_pods, uniq_maggie
D:8:      layout_basic, makhleb_altar_promises_db, lair_entry_dummy,
          nrook_loot_triangle, nicolae_grassy_gnolls, uniq_pikel, uniq_grum,
          uniq_erica
Temple:   mainiacjoe_temple_big_plus

Skill      XL: |  1  2  3  4  5  6  7  8  9 |
---------------+----------------------------+-----
Axes           | 3 4 5 6 7 9 11 13 | 13.8
Armour         | 4 5 6 8 |  8.0
Fighting       | 4 5 6 |  6.0
Shields        | 4 5 |  5.2
Dodging        | |  0.5

Action                   |  1- 3 |  4- 6 |  7- 9 | 10-12 || total
-------------------------+-------+-------+-------+-------++-------
Melee: War axe           |    92 |   143 |   348 |       ||   583
  Use: Scroll            |     4 |     3 |     8 |       ||    15
       Potion            |     2 |     4 |     1 |     2 ||     9
Armor: Plate armour      |    58 |   116 |   205 |     8 ||   387
       Scale mail        |     2 |       |       |       ||     2
Dodge: Dodged            |    24 |    37 |    87 |     3 ||   151
Block: Buckler           |    18 |    39 |   128 |    12 ||   197
       Reflection        |       |       |     3 |       ||     3
